 Dungeon Crawl Stone Soup version 0.31-a0-986-g5e6e4ef867 (webtiles) character file.

Game seed: 12398859678919493929

77 timneilson the Changeling (level 4, -6/29 HPs)
             Began as an Octopode Shapeshifter on Nov 11, 2023.
             Mangled by a black bear (7 damage)
             ... on level 3 of the Dungeon.
             The game lasted 00:02:34 (1831 turns).

timneilson the Changeling (Octopode Shapeshifter)   Turns: 1831, Time: 00:02:36

Health: -6/29      AC:  1    Str: 15    XL:     4   Next: 34%
Magic:  5/5        EV: 13    Int: 12    God:
Gold:   168        SH:  0    Dex: 11    Spells: 4/4 levels left

rFire   . .          .
                       - Unarmed
rCold   . . .        (no shield)
rNeg    . . .        (helmet currently unavailable)
rPois   .            (no amulet)
rElec   .            (no ring)
rCorr   .            (no ring)
SInv    .            (no ring)
Will    .....        (no ring)
Stlth   +++          (no ring)
HPRegen 0.24/turn    (no ring)
MPRegen 0.09/turn    (no ring)
                     (no ring)

%: no passive effects
@: beast-form
A: beast (slay +1), almost no armour, amphibious, 8 rings, camouflage 1,
gelatinous body 1, (nimble swimmer 1), tentacles
a: Begin Untransformation


You were on level 3 of the Dungeon.
You were a hulking beast.
You visited 1 branch of the dungeon, and saw 3 of its levels.

You collected 168 gold pieces.

Inventory:

Jewellery
 h - a ring of ice
Talismans
 b - a beast talisman
 c - a flux talisman
Scrolls
 i - 2 scrolls of fog
 j - a scroll of acquirement {unknown}
 l - a scroll of teleportation {unknown}
Potions
 a - 5 potions of lignification
 d - a potion of ambrosia {unknown}
 e - a potion of curing
 f - a potion of haste {unknown}
 g - 2 potions of heal wounds {unknown}
 k - a potion of brilliance {unknown}


   Skills:
 * Level 1.8 Fighting
 * Level 2.7 Dodging
 + Level 1.3 Stealth
 * Level 3.4 Unarmed Combat
 + Level 0.7 Spellcasting
 * Level 3.4 Shapeshifting


You had 4 spell levels left.
You didn't know any spells.
Your spell library contained the following spells:

 Spells                   Type           Power      Damage    Failure   Level
 Shock                    Conj/Air       0%         1d3       30%         1
 Sublimation of Blood     Necr           0%         N/A       43%         2
 Swiftness                Air            0%         N/A       67%         3
 Airstrike                Air            0%         2d(0-16)  97%         4
 Petrify                  Tmut/Erth      0%         N/A       97%         4
 Irradiate                Conj/Tmut      0%         3d11      100%        5


Dungeon Overview and Level Annotations

Branches:
Dungeon (3/15)

Altars:
Dithmenos


Innate Abilities, Weirdness & Mutations

You are a hulking beast.
Your limbs bulge with bestial killing power. (Slay +1)
You cannot wear most types of armour.
You are amphibious.
You can wear up to eight rings at the same time.
Your skin changes colour to match your surroundings (Stealth+).
Your rubbery body absorbs attacks. (AC +1, EV +1)
((You are camouflaged when in or above water. (Stealth+)))
You have tentacles for arms and can constrict up to eight enemies at once.


Message History

Found a leather armour.
a - 5 potions of lignification (gained 1)
You see here a +0 leather armour.
l - a scroll labelled MAYLIRRUOF
Found a stone staircase leading down.
Found a stone staircase leading up.
Found a flail.
You see here a +0 flail.
You now have 168 gold pieces (gained 10).
You see here a +0 flail.
A black bear comes into view.
The black bear growls angrily.
The black bear bites you. The black bear claws you.
The black bear barely misses you.
You bludgeon the black bear! Your grab misses the black bear.
You squeeze the black bear!
The black bear is heavily wounded.
The black bear closely misses you. The black bear claws you.
The black bear barely misses you.
You tentacle-slap the black bear but do no damage.
Your grab misses the black bear.
The black bear is heavily wounded.
The black bear closely misses you. The black bear misses you.
The black bear claws you.
You tentacle-slap the black bear. You grab the black bear.
The black bear is severely wounded.
You constrict the black bear.
The black bear goes berserk!
You tentacle-slap the black bear.
The black bear is almost dead.
You constrict the black bear. The black bear bites you!
The black bear claws you but does no damage.
The black bear claws you.
You tentacle-slap the black bear but do no damage.
The black bear is almost dead.
You constrict the black bear. The black bear barely misses you. x3
The black bear bites you!
* * * LOW HITPOINT WARNING * * *
The black bear claws you but does no damage.
The black bear claws you!
You die...

.....##.#.#.# ..........#.#
.........##.#
.##.###..##.########## .
#.###.........<....
..##.###.####..### .#
#.##...).........# .#
#.###########.##.# .# #.# #h# .#
#.# #h# .###.##### #.# ...†.<...#
#.# .#.###...# #.# ####
..>###)..##### ... ....
.#....)....... ... #...
###....##########################
#....#..# #.................# #


You could see a black bear (berserk).

Vanquished Creatures
  An adder (D:2)
  2 worms (D:3)
  5 dart slugs
  2 orcs (D:3)
  2 ball pythons (D:2)
  3 bats
  3 endoplasms
  4 giant cockroaches
  9 hobgoblins
  2 jackals (D:2)
  2 quokkas (D:3)
  3 goblins
  3 kobolds
  3 rats
44 creatures vanquished.

Notes
Turn   | Place    | Note
-------+----------+-------------------------------------------
     0 | D:1      | timneilson the Octopode Shapeshifter began the quest for
                  | the Orb.
     0 | D:1      | Reached XP level 1. HP: 13/13 MP: 1/1
   248 | D:1      | Reached XP level 2. HP: 13/18 MP: 2/2
   932 | D:2      | Reached XP level 3. HP: 23/23 MP: 3/3
   937 | D:2      | Reached skill level 1 in Stealth
  1000 | D:2      | Found a shadowy altar of Dithmenos.
  1386 | D:3      | Reached XP level 4. HP: 16/29 MP: 3/5
  1824 | D:3      | Noticed a black bear
  1831 | D:3      | HP: 1/29 [black bear (9)]
  1831 | D:3      | Mangled by a black bear

Illustrated notes

Levels and vault maps discovered:
D:1:      psy_arrival_conway, layout_basic
D:2:      layout_basic, basic_altar, hex_tiny, due_unseen_surprise
D:3:      layout_loops_ring, wad_rectangle_vault

Skill      XL: |  1  2  3 |
---------------+----------+-----
Stealth        | 1 |  1.3
Fighting       | |  1.8
Dodging        | |  2.7
Unarmed Combat | |  3.4
Spellcasting   | |  0.7
Shapeshifting  | |  3.4

Action                     |  1- 3 |  4- 6 || total
---------------------------+-------+-------++-------
  Melee: Unarmed           |    63 |    23 ||    86
         Constrict         |    17 |     4 ||    21
         Tentacles         |    10 |     6 ||    16
         Punch             |     1 |     1 ||     2
    Use: Scroll            |     5 |       ||     5
   Stab: Sleeping          |     7 |       ||     7
 Armour: Skin              |    28 |    16 ||    44
  Dodge: Dodged            |    34 |    12 ||    46

Table legend: (Time is in decaauts)
 A = Elapsed time spent in this place.
 B = Non-inter-level travel time spent in this place.
 C = Inter-level travel time spent in this place.
 D = Time resting spent in this place.
 E = Time spent auto-exploring this place.
 F = Levels seen in this place.
 G = Mean time per level.
                   A        B        C        D        E       F      G
               +--------+--------+--------+--------+--------+-----+--------+
         Total |   1825 |   1785 |     40 |      0 |   1411 |   3 |  608.3 |
       Dungeon |   1825 |   1785 |     40 |      0 |   1411 |   3 |  608.3 |
               +--------+--------+--------+--------+--------+-----+--------+

Top non-repeatable levels by time:
     D:1: 872 daAuts
     D:2: 500 daAuts
     D:3: 453 daAuts
